 Dungeon Crawl Stone Soup version 0.25.1-8-g42b30a86e7 (webtiles) character file.

Game seed: 12828126191194372777

44 DearestLeader the Shield-Bearer (level 3, 0/31 HPs)
             Began as a Minotaur Fighter on Nov 30, 2020.
             Slain by an orc priest
             ... wielding a +0 hand axe
              (3 damage)
             ... on level 2 of the Dungeon.
             The game lasted 00:01:41 (895 turns).

DearestLeader the Shield-Bearer (Minotaur Fighter)   Turns: 895, Time: 00:01:42

Health: 0/31       AC:  8    Str: 21    XL:     3   Next: 41%
Magic:  2/2        EV:  7    Int:  5    God:
Gold:   32         SH:  9    Dex:  9    Spells: 2/2 levels left

rFire    . . .     SeeInvis .   a - +0 war axe
rCold    . . .     Gourm    .   c - +0 kite shield
rNeg     . . .     Faith    .   b - +0 scale mail
rPois    .         Spirit   .   (helmet restricted)
rElec    .         Reflect  .   j - +0 cloak
rCorr    .         Harm     .   (no gloves)
MR       .....                  (no boots)
Stlth    ..........             (no amulet)
HPRegen  0.10/turn              (no ring)
MPRegen  0.08/turn              (no ring)

@: no status effects
A: retaliatory headbutt, horns 2
a: no special abilities


You were on level 2 of the Dungeon.
You were not hungry.

You visited 1 branch of the dungeon, and saw 2 of its levels.

You collected 32 gold pieces.

Inventory:

Hand Weapons
 a - a +0 war axe (weapon)
Missiles
 e - 7 boomerangs (quivered)
Armour
 b - a +0 scale mail (worn)
 c - a +0 kite shield (worn)
 j - a +0 cloak (worn)
Scrolls
 h - 2 scrolls of identify {unknown}
 i - 2 scrolls of remove curse {unknown}
 k - a scroll of immolation {unknown}
Potions
 d - a potion of might
 l - a potion of curing {unknown}
Comestibles
 f - 3 rations
 g - 10 chunks of flesh


   Skills:
 - Level 3.6 Fighting
 * Level 3.7 Axes
 + Level 4.1 Armour
 + Level 4.1 Shields


You had 2 spell levels left.
You didn't know any spells.
Your spell library was empty.

Dungeon Overview and Level Annotations

Branches:
Dungeon (2/15)

Altars:


Innate Abilities, Weirdness & Mutations

You reflexively headbutt those who attack you in melee.
You have a pair of horns on your head.


Message History

You closely miss the orc. You closely miss the orc priest.
The orc priest looks encouraged for a moment.
The orc wizard gestures at you while chanting.
The magic dart hits you. The orc hits you with a +0 hand axe.
The orc priest invokes the aid of Beogh against you.
Beogh smites you!
* * * LOW HITPOINT WARNING * * *
You are too injured to fight recklessly!
You are too injured to fight recklessly!
Unknown command.
Your shield and scale mail prevent you from hitting the orc.
You hit the orc priest. You closely miss the orc wizard.
You hit the orc priest.
The orc wizard gestures at you while chanting.
The magic dart hits you.
* * * LOW HITPOINT WARNING * * *
The orc priest barely misses you. You furiously retaliate!
You headbutt the orc priest! The orc closely misses you.
The orc priest hits you with a +0 hand axe.
You die...

...# ############# ...#
#...........# ...#
#...........# ...#
#...........# ...#
#...........# ...#
#...........# ...#
#.........(.#
..####...........#######
.....+.........o@>......
#..###.........ooo...###
##.###.).............#
##..##...............#
....##...............#
)....#...............#
.....'.###+######....#
.....#.# ....# .....#รท#


You could see 2 orc priests, an orc wizard and an orc.

Vanquished Creatures
  An adder (D:2)
  An ooze (D:1)
  A worm (D:2)
  A leopard gecko (D:2)
  4 bats
  3 giant cockroaches (D:1)
  4 goblins (D:1)
  5 hobgoblins
  A kobold (D:2)
  3 rats (D:1)
24 creatures vanquished.

Notes
Turn   | Place    | Note
-------+----------+-------------------------------------------
     0 | D:1      | DearestLeader the Minotaur Fighter began the quest for the
                  | Orb.
     0 | D:1      | Reached XP level 1. HP: 19/19 MP: 0/0
   191 | D:1      | Reached XP level 2. HP: 26/26 MP: 1/1
   763 | D:2      | Reached XP level 3. HP: 31/31 MP: 2/2
   895 | D:2      | Slain by an orc priest

Illustrated notes

Levels and vault maps discovered:
D:1:      dpeg_arrival_tiny_g, layout_basic
D:2:      minmay_roachtagon, layout_basic, first_ration

Skill      XL: |  1  2 |
---------------+-------+-----
Axes           | 3 |  3.7
Shields        | 4 |  4.1
Armour         | 4 |  4.1
Fighting       | |  3.6

Action                   || total
-------------------------++-------
Melee: War axe           ||    71
       Headbutt          ||     5
Armor: Scale mail        ||    37
Dodge: Dodged            ||    24
Block: Kite shield       ||    27
